 Dungeon Crawl Stone Soup version 0.32-a0-872-g59262bdc9b (webtiles) character file.

Game seed: 17479111433342114103

10 601d51SH the Covert (level 2, -9/29 HPs)
             Began as a Gnoll Delver on Mar 31, 2024.
             Killed by nerve-wracking pain
             ... invoked by Jessica
              (13 damage)
             ... on level 3 of the Dungeon.
             The game lasted 00:00:31 (168 turns).

601d51SH the Covert (Gnoll Delver)                   Turns: 168, Time: 00:00:31

Health: -9/29      AC:  3    Str: 11    XL:     2   Next: 20%
Magic:  2/2        EV: 12    Int:  9    God:
Gold:   9          SH:  0    Dex: 13    Spells: 1/1 levels left

rFire   . . .        a - +0 falchion
rCold   . . .        (no shield)
rNeg    . . .        b - +0 leather armour
rPois   .            (no helmet)
rElec   .            (no cloak)
rCorr   .            (no gloves)
SInv    .            (no boots)
Will    .....        (no amulet)
Stlth   ++++         (no ring)
HPRegen 0.24/turn    (no ring)
MPRegen 0.08/turn

%: no passive effects
@: no status effects
A: fangs 1, strong nose, distributed training
a: no special abilities


You were on level 3 of the Dungeon.
You visited 1 branch of the dungeon, and saw 3 of its levels.

You collected 9 gold pieces.

Inventory:

Hand Weapons
 a - a +0 falchion (weapon)
Armour
 b - a +0 leather armour (worn)
Wands
 g - a wand of digging (3)
Scrolls
 c - a scroll of fog
 d - a scroll of revelation
 e - a scroll of fear
 i - a scroll of brand weapon {unknown}
Potions
 f - a potion of haste
 h - 2 potions of might {unknown}


   Skills:
 + Level 6.4 Fighting
 + Level 0.3 Short Blades
 + Level 4.4 Long Blades
 + Level 0.3 Axes
 + Level 0.3 Maces & Flails
 + Level 0.3 Polearms
 + Level 0.3 Staves
 + Level 0.3 Ranged Weapons
 + Level 0.3 Throwing
 + Level 0.3 Armour
 + Level 4.4 Dodging
 + Level 9.5 Stealth
 + Level 0.3 Shields
 + Level 0.3 Unarmed Combat
 + Level 0.3 Spellcasting
 + Level 0.2 Conjurations
 + Level 0.2 Hexes
 + Level 0.2 Summonings
 + Level 0.2 Necromancy
 + Level 0.2 Translocations
 + Level 0.2 Fire Magic
 + Level 0.2 Ice Magic
 + Level 0.2 Air Magic
 + Level 0.2 Earth Magic
 + Level 0.2 Alchemy
 + Level 0.4 Invocations
 + Level 0.3 Evocations
 + Level 0.2 Shapeshifting


You had one spell level left.
You didn't know any spells.
Your spell library was empty.

Dungeon Overview and Level Annotations

Branches:
Dungeon (5/15)
 Temple: D:4-7

Altars:

Annotations:
D:3 Jessica


Innate Abilities, Weirdness & Mutations

You have very sharp teeth.
Your uncanny sense of smell can sniff out nearby items.
Your experience applies equally to all skills.


Message History

The ball python hisses angrily.
You hear a shout!
Jessica the Apprentice Sorceress comes into view.
She is wielding a +0 club.
You now have 9 gold pieces.
You see here an emerald potion.
h - 2 emerald potions (gained 1) Jessica mumbles some strange words.
Jessica blinks!
Found a scroll labelled ATSOBL KUEFOP.
The ball python attacks as it pursues you!
The ball python barely misses you. The ball python grabs you.
The ball python constricts you.
The ball python's grasp on you weakens, but your attempt to escape fails.
The ball python bites you but does no damage.
The ball python constricts you.
You hit the ball python.
The ball python is severely wounded.
The ball python bites you. The ball python constricts you.
The ball python bites you but does no damage.
The ball python constricts you.
You barely miss the ball python.
The ball python is severely wounded.
The ball python bites you. The ball python constricts you.
Jessica mumbles some strange words.
Jessica seems to speed up.
You closely miss the ball python.
The ball python is severely wounded.
The ball python bites you. The ball python constricts you.
You closely miss the ball python.
The ball python is severely wounded.
The ball python bites you but does no damage.
The ball python constricts you.
You hit the ball python.
You kill the ball python!
Jessica casts a spell at you. Pain shoots through your body!
* * * LOW HITPOINT WARNING * * *
An adder comes into view.
Jessica gestures at you while chanting. Pain shoots through your body!
You die...

..... #..........
..... #..........
.....###..........
.......#..........
.......@..........
....?...#####.....
........#### .....
...........# .....
.......@...# ....
...........#
.###.......#
∆........^..
...............
...............
#....S.........
#..............


You could see an adder (asleep) and Jessica (fast).

Vanquished Creatures
  An adder (D:4)
  A ball python (D:3)
2 creatures vanquished.

Notes
Turn   | Place    | Note
-------+----------+-------------------------------------------
     0 | D:5      | Reached skill level 9 in Stealth
     0 | D:5      | 601d51SH the Gnoll Delver began the quest for the Orb.
     0 | D:5      | Reached XP level 1. HP: 23/23 MP: 1/1
    13 | D:5      | Noticed a phantom
    19 | D:5      | Noticed an ogre
    19 | D:5      | Noticed a hound
    37 | D:4      | Reached XP level 2. HP: 7/29 MP: 2/2
   145 | D:3      | Noticed Jessica
   168 | D:3      | Killed from afar by Jessica

Illustrated notes

Levels and vault maps discovered:
D:3:      layout_basic, fedhas_altar_fruit_tree, serial_shops,
          nicolae_shop_tiny_statue_garden, uniq_jessica
D:4:      layout_loops_corners
D:5:      layout_cave_pools, lemuel_mausoleum_altar_kikubaaqudgha,
          ebering_ghost_sewer_f, uniq_menkaure

Skill      XL: | |
---------------+-+-----
Stealth        | |  9.5
Fighting       | |  6.4
Short Blades   | |  0.3
Long Blades    | |  4.4
Axes           | |  0.3
Maces & Flails | |  0.3
Polearms       | |  0.3
Staves         | |  0.3
Ranged Weapons | |  0.3
Throwing       | |  0.3
Armour         | |  0.3
Dodging        | |  4.4
Shields        | |  0.3
Unarmed Combat | |  0.3
Spellcasting   | |  0.3
Conjurations   | |  0.2
Hexes          | |  0.2
Summonings     | |  0.2
Necromancy     | |  0.2
Translocations | |  0.2
Fire Magic     | |  0.2
Ice Magic      | |  0.2
Air Magic      | |  0.2
Earth Magic    | |  0.2
Alchemy        | |  0.2
Invocations    | |  0.4
Evocations     | |  0.3
Shapeshifting  | |  0.2

Action                     || total
---------------------------++-------
  Melee: Falchion          ||    12
 Armour: Leather armour    ||    22
  Dodge: Dodged            ||     9

Table legend: (Time is in decaauts)
 A = Elapsed time spent in this place.
 B = Non-inter-level travel time spent in this place.
 C = Inter-level travel time spent in this place.
 D = Time resting spent in this place.
 E = Time spent auto-exploring this place.
 F = Levels seen in this place.
 G = Mean time per level.
                   A        B        C        D        E       F      G
               +--------+--------+--------+--------+--------+-----+--------+
         Total |    168 |    168 |      0 |     95 |      0 |   3 |   56.0 |
       Dungeon |    168 |    168 |      0 |     95 |      0 |   3 |   56.0 |
               +--------+--------+--------+--------+--------+-----+--------+

Top non-repeatable levels by time:
     D:3: 128 daAuts
     D:5: 29 daAuts
     D:4: 11 daAuts
